 Dungeon Crawl Stone Soup version 0.24-a0-232-g49d9ff8 (webtiles) character file.

Game seed: 6720073313593303598

60 Hylith the Grave Robber (level 4, 0/32 HPs)
             Began as a Gnoll Necromancer on Apr 4, 2019.
             Slain by Sigmund
             ... wielding a +1 scythe of protection
              (15 damage)
             ... on level 2 of the Dungeon.
             The game lasted 00:05:27 (1489 turns).

Hylith the Grave Robber (Gnoll Necromancer)         Turns: 1489, Time: 00:05:28

Health: 0/32       AC:  3    Str: 10    XL:     4   Next: 4%
Magic:  0/11       EV: 15    Int: 18    God:
Gold:   95         SH:  0    Dex: 16    Spells: 6/13 levels left

rFire    . . .     SeeInvis +   d - +0 dagger
rCold    . . .     Gourm    .   (no shield)
rNeg     . . .     Faith    .   a - +0 robe
rPois    .         Spirit   +   (no helmet)
rElec    .         Reflect  .   (no cloak)
rCorr    .         Harm     .   f - +0 pair of gloves
MR       .....                  (no boots)
Stlth    +++.......             s - amulet of guardian spirit
HPRegen  0.10/turn              l - ring of see invisible
MPRegen  0.12/turn              (no ring)

@: no status effects
A: distributed training, fangs 1, strong nose
a: no special abilities


You were on level 2 of the Dungeon.
You were very hungry.

You visited 1 branch of the dungeon, and saw 2 of its levels.

You collected 95 gold pieces.

Inventory:

Hand Weapons
 d - a +0 dagger (weapon)
Missiles
 m - 98 sling bullets
 n - 70 stones (quivered)
Armour
 a - a +0 robe (worn)
 f - a +0 pair of gloves (worn)
Jewellery
 l - a ring of see invisible (left hand)
 s - an amulet of guardian spirit (around neck)
Wands
 v - a wand of disintegration (9)
Scrolls
 e - a scroll of noise {unknown}
 h - a scroll of remove curse {unknown}
 i - 4 scrolls of identify {unknown}
 j - a scroll of amnesia {unknown}
 k - a scroll of fog {unknown}
 p - a scroll of teleportation {unknown}
 q - a scroll of enchant weapon {unknown}
 r - a scroll of enchant armour {unknown}
 t - 3 scrolls of blinking {unknown}
Potions
 b - a potion of heal wounds {unknown}
 g - a potion of flight {unknown}
 o - a potion of mutation {unknown}
 u - 3 potions of brilliance {unknown}
Comestibles
 c - 7 rations


   Skills:
 + Level 1.0 Fighting
 + Level 1.0 Short Blades
 + Level 1.0 Long Blades
 + Level 1.0 Axes
 + Level 1.0 Maces & Flails
 + Level 1.0 Polearms
 + Level 1.0 Staves
 + Level 1.0 Slings
 + Level 1.0 Bows
 + Level 1.0 Crossbows
 + Level 1.0 Throwing
 + Level 1.0 Armour
 + Level 4.6 Dodging
 + Level 4.2 Stealth
 + Level 1.0 Shields
 + Level 1.0 Unarmed Combat
 + Level 5.0 Spellcasting
 + Level 0.7 Conjurations
 + Level 0.7 Hexes
 + Level 0.7 Charms
 + Level 0.7 Summonings
 + Level 7.1 Necromancy
 + Level 0.7 Translocations
 + Level 0.7 Transmutations
 + Level 0.7 Fire Magic
 + Level 0.7 Ice Magic
 + Level 0.7 Air Magic
 + Level 0.7 Earth Magic
 + Level 0.7 Poison Magic
 + Level 1.1 Invocations
 + Level 1.0 Evocations


You had 6 spell levels left.
You knew the following spells:

 Your Spells              Type           Power        Failure   Level  Hunger
a - Pain                  Necr           ####         1%          1    None
b - Regeneration          Chrm/Necr      ###.......   8%          3    ##.....
c - Vampiric Draining     Necr           ####......   2%          3    ##.....

Your spell library contained the following spells:

 Spells                   Type           Power        Failure   Level  Hunger
 Animate Skeleton         Necr           N/A          1%          1    None
 Animate Dead             Necr           N/A          7%          4    ####...


Dungeon Overview and Level Annotations

Branches:
Dungeon (2/15)

Altars:

Annotations:
D:2 Sigmund


Innate Abilities, Weirdness & Mutations

Your experience applies equally to all skills.
You have very sharp teeth.
Your uncanny sense of smell can sniff out nearby items.


Message History

Sigmund is almost dead.
Sigmund hits you with a +1 scythe of protection.
You hit Sigmund but do no damage. Your bite misses Sigmund.
Sigmund is almost dead.
You hit Sigmund.
Sigmund is almost dead.
Sigmund barely misses you.
You hit Sigmund but do no damage.
Sigmund is almost dead.
Sigmund gestures at you while chanting. The puff of flame misses you.
You closely miss Sigmund.
Sigmund is almost dead.
Sigmund hits you with a +1 scythe of protection.
You hit Sigmund but do no damage. You bite Sigmund, but do no damage.
Sigmund is almost dead.
You hit Sigmund but do no damage.
Sigmund is almost dead.
Sigmund hits you with a +1 scythe of protection!
You die...

........#.......>......####
∆
#######.....#.............#
#÷........#.....####.#
#...............####.#
#................<...#
######
#.##...#####....####.# #
#....# #.##...# #....# #.#
###.##.# #.##..@#
#....####.# .##.##.#
#.###@######..........
..#.##.# #.#
#...........####.# ..#.##.#
#.# #######..........#
..#.##.# #.# #.###...##.#
.##.##.# #.# #.# #.......
....##.# #.# #.# #.#.##.#
######.# #.# #.# #.#.##.# #
#.# #.# ##.###.#.##.# #
#.#####.# #......#.##.#


You could see Sigmund.

Vanquished Creatures
  2 adders (D:2)
  3 leopard geckos
  4 bats
  A giant cockroach (D:2)
  5 goblins (D:1)
  5 hobgoblins
  A quokka (D:2)
  A ball python (D:2)
  4 frilled lizards
  8 kobolds
  7 rats
41 creatures vanquished.

Notes
Turn   | Place    | Note
-------+----------+-------------------------------------------
     0 | D:1      | Hylith the Gnoll Necromancer began the quest for the Orb.
     0 | D:1      | Reached XP level 1. HP: 13/13 MP: 6/6
    62 | D:1      | Reached XP level 2. HP: 18/19 MP: 7/7
   393 | D:1      | Reached XP level 3. HP: 11/25 MP: 5/9
   596 | D:2      | Reached skill level 5 in Spellcasting
   730 | D:2      | Learned a level 3 spell: Regeneration
   734 | D:2      | Learned a level 3 spell: Vampiric Draining
   815 | D:2      | Reached skill level 1 in Invocations
   821 | D:2      | Noticed Sigmund
  1178 | D:2      | Found a faded altar of an unknown god.
  1345 | D:2      | Reached skill level 1 in Fighting
  1345 | D:2      | Reached skill level 1 in Short Blades
  1345 | D:2      | Reached skill level 1 in Long Blades
  1345 | D:2      | Reached skill level 1 in Axes
  1345 | D:2      | Reached skill level 1 in Maces & Flails
  1345 | D:2      | Reached skill level 1 in Polearms
  1345 | D:2      | Reached skill level 1 in Staves
  1345 | D:2      | Reached skill level 1 in Slings
  1345 | D:2      | Reached skill level 1 in Bows
  1345 | D:2      | Reached skill level 1 in Crossbows
  1345 | D:2      | Reached skill level 1 in Throwing
  1345 | D:2      | Reached skill level 1 in Armour
  1345 | D:2      | Reached skill level 1 in Shields
  1345 | D:2      | Reached skill level 1 in Unarmed Combat
  1345 | D:2      | Reached skill level 1 in Evocations
  1345 | D:2      | Reached XP level 4. HP: 21/32 MP: 4/11
  1489 | D:2      | Slain by Sigmund

Levels and vault maps discovered:
D:1:      minmay_arrival_five_plusses, layout_basic
D:2:      layout_loops_ring, chequers_ecumenical_altar_lobes,
          minmay_tetromino_i4, uniq_robin, uniq_sigmund

Skill      XL: |  1  2  3 |
---------------+----------+-----
Spellcasting   | 5 |  5.0
Invocations    | 1 |  1.1
Fighting       | 1 |  1.0
Short Blades   | 1 |  1.0
Long Blades    | 1 |  1.0
Axes           | 1 |  1.0
Maces & Flails | 1 |  1.0
Polearms       | 1 |  1.0
Staves         | 1 |  1.0
Slings         | 1 |  1.0
Bows           | 1 |  1.0
Crossbows      | 1 |  1.0
Throwing       | 1 |  1.0
Armour         | 1 |  1.0
Shields        | 1 |  1.0
Unarmed Combat | 1 |  1.0
Evocations     | 1 |  1.0
Dodging        | |  4.6
Stealth        | |  4.2
Conjurations   | |  0.7
Hexes          | |  0.7
Charms         | |  0.7
Summonings     | |  0.7
Necromancy     | |  7.1
Translocations | |  0.7
Transmutations | |  0.7
Fire Magic     | |  0.7
Ice Magic      | |  0.7
Air Magic      | |  0.7
Earth Magic    | |  0.7
Poison Magic   | |  0.7

Action                   |  1- 3 |  4- 6 || total
-------------------------+-------+-------++-------
Melee: Dagger            |   140 |    20 ||   160
       Unarmed           |     5 |       ||     5
       Bite              |    17 |     2 ||    19
 Cast: Pain              |    21 |     4 ||    25
       Regeneration      |     2 |     1 ||     3
       Vampiric Draining |       |     1 ||     1
 Stab: Sleeping          |     8 |       ||     8
  Eat: Chunk             |     1 |       ||     1
Armor: Robe              |    34 |       ||    34
Dodge: Dodged            |   106 |    10 ||   116

Table legend:
 A = Non-vault XP
 B = Vault XP
 C = Vault XP percentage of total XP
 D = Non-vault monster count
 E = Vault monster count
 F = Vault count percentage of total count
                 A         B        C        D         E       F
            +---------+---------+-------+---------+---------+-------
      Total |      81 |       5 |   5.8 |      38 |       3 |   7.3
            +---------+---------+-------+---------+---------+-------
        D:1 |      37 |       0 |   0.0 |      24 |       0 |   0.0
        D:2 |      44 |       5 |  10.2 |      14 |       3 |  17.6
            +---------+---------+-------+---------+---------+-------
